 Dungeon Crawl Stone Soup version 0.31-a0-986-g5e6e4ef867 (webtiles) character file.

Game seed: 773191846076218310

2598 Jeffwins the Changeling (level 9, -10/67 HPs)
             Began as a Green Draconian Shapeshifter on Nov 24, 2023.
             Was a Believer of Vehumet.
             Mangled by serber55's ghost (11 damage)
             ... on level 8 of the Dungeon.
             The game lasted 00:11:29 (6520 turns).

Jeffwins the Changeling (DrSh)                      Turns: 6520, Time: 00:11:30

Health: -10/67     AC:  9    Str: 16    XL:     9   Next: 33%
Magic:  0/15       EV: 12    Int: 15    God:    Vehumet [**....]
Gold:   38         SH:  0    Dex: 11    Spells: 13/16 levels left

rFire   . .          .
                       - Unarmed
rCold   . . .        (shield currently unavailable)
rNeg    . . .        (body armour unavailable)
rPois   +            (helmet restricted)
rElec   .            s - +1 cloak
rCorr   .            (no gloves)
SInv    .            (no boots)
Will    .....        G - amulet of guardian spirit
Stlth   +            Z - ring of wizardry
HPRegen 0.31/turn    (no ring)
MPRegen 0.14/turn

%: guardian spirit, wizardry (x1)
@: flux-form, glowing
A: glow, contaminating, breathe noxious fumes, AC +7, unfitting armour, poison
resistance, cold-blooded
a: Breathe Noxious Fumes, Begin Untransformation, Renounce Religion


You were on level 8 of the Dungeon.
You worshipped Vehumet.
Vehumet was pleased with you.
You were something dangerously unstable.
You visited 2 branches of the dungeon, and saw 9 of its levels.
You also visited: Sewer.

You collected 456 gold pieces.
You spent 418 gold pieces at shops.


Innate Abilities, Weirdness & Mutations

You are something dangerously unstable.
You glow with magical radiation, making you easy to see and hit.
Foes you strike become dangerously contaminated with magical radiation.
You are incapable of wielding weapons or throwing items.
You can breathe blasts of noxious fumes.
Your lurid green scales are hard. (AC +7)
You cannot fit into any form of body armour.
Your system is resistant to poisons. (rPois)
You are cold-blooded and may be slowed by cold attacks.


   Skills:
 - Level 2.0 Fighting
 - Level 2.0 Dodging
 - Level 2.0 Stealth
 + Level 6.1 Unarmed Combat
 + Level 4.0 Spellcasting
 * Level 5.8 Ice Magic
 + Level 3.4 Evocations
 * Level 7.3 Shapeshifting


You had 13 spell levels left.
You knew the following spells:

 Your Spells              Type           Power      Damage    Failure   Level
x - Frozen Ramparts       Ice            40%        1d7       1%          3

Your spell library contained the following spells:

 Spells                   Type           Power      Damage    Failure   Level
 Searing Ray              Conj           6%         2d4       11%         2
 Freeze                   Ice            80%        1d9       1%          1
 Ozocubu's Armour         Ice            20%        N/A       1%          3
 Ensorcelled Hibernation  Hex/Ice        22%        N/A       3%          2
 Hailstorm                Conj/Ice       11%        3d5       7%          3
 Apportation              Tloc           6%         N/A       8%          1
 Necrotise                Necr           12%        1d4       8%          1
 Summon Small Mammal      Summ           12%        N/A       8%          1
 Jinxbite                 Hex            6%         N/A       11%         2
 Volatile Blastmotes      Fire/Tloc      6%         2d10      21%         3
 Anguish                  Hex/Necr       1%         N/A       54%         4
 Fulminant Prism          Conj/Hex       1%         3d5       54%         4
 Iskenderun's Mystic Bla  Conj/Tloc      3%         2d3       54%         4
 Ozocubu's Refrigeration  Ice            10%        4d9       99%         7
 Haunt                    Necr/Summ      1%         N/A       100%        7
 Borgnjor's Revivificati  Necr           1%         N/A       100%        8
 Death's Door             Necr           1%         N/A       100%        9

Inventory:

Missiles
 n - 15 javelins (quivered)
Armour
 s - a +1 cloak (worn)
 w - a +0 buckler
Jewellery
 G - an amulet of guardian spirit (around neck)
 Z - a ring of wizardry (left hand)
Talismans
 b - a beast talisman
 c - a flux talisman (active)
 g - a maw talisman
Wands
 v - a wand of charming (5)
 y - a wand of flame (14)
 z - a wand of light (6)
Scrolls
 e - 4 scrolls of enchant weapon
 h - a scroll of fog
 i - 2 scrolls of amnesia
 k - 2 scrolls of vulnerability {!r}
 o - 5 scrolls of immolation {!r}
 p - 2 scrolls of brand weapon
 r - a scroll of poison {!r}
 x - a scroll of enchant armour
 D - a scroll of teleportation {@r4}
 E - a scroll of silence {unknown}
Potions
 a - a potion of lignification {!q}
 d - 2 potions of brilliance {unknown}
 f - 2 potions of might
 j - 2 potions of attraction {!q}
 l - 3 potions of curing {@q1}
 m - 2 potions of mutation {!q}
 q - 2 potions of resistance {unknown}
 t - 2 potions of haste {unknown}
 u - a potion of enlightenment {unknown}
 A - a potion of invisibility
 B - 3 potions of heal wounds {@q2}
 C - a potion of magic

Dungeon Overview and Level Annotations

Branches:
Dungeon (8/15)             Temple (1/1) D:6           Sewer (visited)
   Lair: D:8-11

Altars:
Cheibriados
Dithmenos
Elyvilon
Fedhas
Gozag
Hepliaklqana
Kikubaaqudgha
Makhleb
Okawaru
Qazlal
Ru
Uskayaw
Vehumet
Wu Jian
Xom
Yredelemnul
The Shining One

Shops:
D:4 (   D:7 !

Annotations:
D:8 serber55's ghost, journeyman OpEE

.. #.... #..# # ...
##...####.# ##
#?|.##....##...# ##.
#..#. #......## #..
##.... ##.......## #.#
#.....##...▒▒▒...#####.#
##......▒▒⌠▒▒...##...#
#......▒▒...▒▒...#.###
#....p▒▒..?..▒▒....# #
#......W...♣?.⌠▒...## #
#......▒▒..!..▒▒...# #
#........▒▒...▒▒...## #
#..#......▒▒⌠▒▒...##
...#.......▒▒▒...## ..
....##.......# .....
#.....#


You could see serber55's ghost (heavy contam).


Message History

Serber55's ghost shudders as magic cascades through it!!
Serber55's ghost is heavily damaged.
Serber55's ghost misses you.
You closely miss serber55's ghost.
Serber55's ghost is heavily damaged.
Serber55's ghost closely misses you.
Unknown command.
You miss serber55's ghost.
Your tail-slap misses serber55's ghost.
Serber55's ghost is heavily damaged.
Serber55's ghost stares at you and mumbles some strange words.
The blast of sand hits you but does no damage.
You closely miss serber55's ghost.
Serber55's ghost is heavily damaged.
Serber55's ghost hits you.
* * * LOW HITPOINT WARNING * * *
Unknown command.
You hit serber55's ghost but do no damage.
Serber55's ghost begins to glow.
Serber55's ghost is heavily damaged.
You punch serber55's ghost!
Serber55's ghost glows dangerously bright.
Your tail-slap misses serber55's ghost.
Serber55's ghost is severely damaged.
Serber55's ghost hits you!
* * * LOW HITPOINT WARNING * * *
Unknown command.
You barely miss serber55's ghost.
Your tail-slap misses serber55's ghost.
Serber55's ghost is severely damaged.
Serber55's ghost hits you!
You die...

Skill      XL: |  1  2  3  4  5  6  7  8  9 |
---------------+----------------------------+-----
Dodging        | 2 |  2.0
Stealth        | 1 2 |  2.0
Fighting       | 2 |  2.0
Spellcasting   | 1 2 3 4 |  4.0
Shapeshifting  | 4 5 6 7 |  7.3
Unarmed Combat | 4 5 6 |  6.1
Ice Magic      | 1 3 5 |  5.8
Evocations     | 1 2 3 |  3.4

Action                     |  1- 3 |  4- 6 |  7- 9 || total
---------------------------+-------+-------+-------++-------
  Melee: Unarmed           |   116 |    99 |   289 ||   504
         Tailslap          |    14 |    20 |    48 ||    82
         Punch             |     1 |     1 |    14 ||    16
         Maw               |       |       |    66 ||    66
  Throw: Javelin           |       |     3 |       ||     3
   Cast: Frozen Ramparts   |       |       |     3 ||     3
Ability: Breathe Noxious F |       |       |     5 ||     5
  Evoke: Wand              |       |       |     1 ||     1
    Use: Scroll            |       |     9 |     3 ||    12
         Potion            |       |     1 |       ||     1
   Stab: Sleeping          |     4 |       |     2 ||     6
         Confused          |       |       |     1 ||     1
 Armour: Skin              |    53 |    67 |   161 ||   281
  Dodge: Dodged            |    68 |    43 |   123 ||   234
   Form: Flux              |       |     1 |     1 ||     2
         Maw               |       |       |     1 ||     1

Levels and vault maps discovered:
D:1:      minmay_arrival_radiant_lines, layout_rooms,
          hellmonk_ecumenical_altar_zigzags, corexii_hall_statues_x,
          serial_park_tiny_1
D:2:      layout_loops_ring
D:3:      layout_basic
D:4:      layout_cave_pods, mainiacjoe_overflow_cross_hatched,
          cheibrodos_worm_habitat, grunt_gozag_statues, vehumet_statue,
          portal_sewer_entry_d, serial_shops, nicolae_shop_trees,
          wad_floor_pattern_untrapped, grunt_ministairs_14
D:5:      layout_loops_ring, dk_noncrumbling_4, st_stairs_3,
          nicolae_grassy_gnolls, uniq_menkaure, uniq_eustachio
D:6:      layout_basic, mainiacjoe_overflow_six_doors_small,
          mainiacjoe_overflow_surrounded_room,
          minmay_temple_entry_gardened_gates
D:7:      layout_loops_ring, lemuel_crystal_altar, overflow_temple_1_default,
          serial_shops, nicolae_shop_stone
D:8:      layout_layer_cave, nemelex_diamond_rough_becter,
          hellmonk_ghost_happy_afterlife, serial_shops, shop,
          reono_crystal_passage, hangedman_decor_peaks_small,
          uniq_prince_ribbit1
Temple:   nicolae_temple_figure_zero

Notes
Turn   | Place    | Note
-------+----------+-------------------------------------------
     0 | D:1      | Jeffwins the Draconian Shapeshifter began the quest for the
                  | Orb.
     0 | D:1      | Reached XP level 1. HP: 16/16 MP: 1/1
   136 | D:1      | Found a faded altar of an unknown god.
   243 | D:1      | Reached XP level 2. HP: 20/23 MP: 2/2
   457 | D:1      | Reached skill level 2 in Dodging
   674 | D:2      | Reached XP level 3. HP: 29/29 MP: 3/3
   786 | D:2      | Reached skill level 1 in Stealth
  1448 | D:3      | Reached XP level 4. HP: 28/36 MP: 2/5
  1449 | D:3      | Reached skill level 2 in Fighting
  1854 | D:4      | Noticed a black bear
  1865 | D:4      | Killed a black bear
  1866 | D:4      | Reached skill level 1 in Spellcasting
  1866 | D:4      | Reached skill level 4 in Shapeshifting
  1866 | D:4      | Reached XP level 5. HP: 8/41 MP: 1/7
  1958 | D:4      | Reached skill level 2 in Stealth
  1973 | D:4      | Noticed a phantom
  1982 | D:4      | Killed a phantom
  1983 | D:4      | Reached skill level 4 in Unarmed Combat
  1983 | D:4      | Reached skill level 2 in Spellcasting
  1983 | D:4      | Reached XP level 6. HP: 30/48 MP: 6/9
  2000 | D:4      | Learned a level 3 spell: Frozen Ramparts
  2005 | D:4      | Found Eceb's Weapon Shoppe.
  2036 | D:4      | Reached skill level 1 in Ice Magic
  2036 | D:4      | Reached skill level 5 in Shapeshifting
  2088 | D:4      | Found a glowing drain.
  2097 | Sewer    | Entered a sewer
  2434 | D:4      | Your scales start taking on a lurid green colour.
  2434 | D:4      | Reached XP level 7. HP: 32/55 MP: 7/10
  2434 | D:4      | Gained mutation: Your system is resistant to poisons.
                  | (rPois) [Green Draconian growth]
  2438 | D:4      | Reached skill level 2 in Ice Magic
  2557 | D:4      | Found a snail-covered altar of Cheibriados.
  2738 | D:4      | Found a radiant altar of Vehumet.
  2800 | D:4      | Found a glowing golden altar of the Shining One.
  2913 | D:4      | Found an opulent altar of Gozag.
  3244 | D:4      | Became a worshipper of Vehumet
  3395 | D:5      | Entered Level 5 of the Dungeon
  3713 | D:5      | Reached skill level 3 in Ice Magic
  3713 | D:5      | Reached skill level 1 in Evocations
  3810 | D:5      | Reached skill level 5 in Unarmed Combat
  3821 | D:5      | Reached skill level 6 in Shapeshifting
  3923 | D:5      | Reached XP level 8. HP: 55/61 MP: 7/12
  4163 | D:5      | Noticed Eustachio
  4164 | D:5      | Noticed Menkaure
  4168 | D:5      | Killed Eustachio
  4173 | D:5      | Killed Menkaure
  4174 | D:5      | Reached skill level 4 in Ice Magic
  4453 | D:5      | Reached skill level 3 in Spellcasting
  4453 | D:5      | Reached skill level 2 in Evocations
  4710 | D:6      | Reached * piety under Vehumet
  4710 | D:6      | Offered knowledge of Foxfire by Vehumet.
  4839 | D:6      | Found a staircase to the Ecumenical Temple.
  4848 | Temple   | Entered the Ecumenical Temple
  4946 | D:6      | Found a burning altar of Makhleb.
  4986 | D:6      | Found a blossoming altar of Fedhas.
  5007 | D:6      | Reached skill level 5 in Ice Magic
  5531 | D:7      | Found a white marble altar of Elyvilon.
  5591 | D:7      | Reached skill level 7 in Shapeshifting
  5591 | D:7      | Reached XP level 9. HP: 47/67 MP: 14/14
  5619 | D:7      | Reached skill level 3 in Evocations
  5793 | D:7      | Reached skill level 6 in Unarmed Combat
  5819 | D:7      | Reached ** piety under Vehumet
  5821 | D:7      | Offered knowledge of Searing Ray by Vehumet.
  5998 | D:7      | Found Peusaixi's Distillery.
  6004 | D:7      | Bought a potion of heal wounds for 55 gold pieces
  6004 | D:7      | Bought a potion of magic for 88 gold pieces
  6004 | D:7      | Bought a potion of might for 44 gold pieces
  6004 | D:7      | Bought 2 potions of heal wounds for 110 gold pieces
  6004 | D:7      | Bought a potion of mutation for 88 gold pieces
  6004 | D:7      | Bought a potion of attraction for 33 gold pieces
  6098 | D:7      | Reached skill level 4 in Spellcasting
  6256 | D:7      | Found a shimmering altar of Xom.
  6479 | D:8      | Noticed serber55's ghost (journeyman OpEE)
  6482 | D:8      | Found a runed translucent door.
  6519 | D:8      | HP: 1/67 [serber55's ghost (9)]
  6520 | D:8      | Mangled by serber55's ghost

Vanquished Creatures
  Eustachio (D:5)
  Menkaure (D:5)
  4 ice beasts
  A black bear (D:4)
  3 ogres
  3 centaurs
  3 phantoms
  2 bullfrogs
  4 scorpions (D:4)
  A gnoll sergeant (D:5)
  A hound (D:4)
  3 jellies
  3 orc priests
  A gnoll bouda (D:5)
  2 sleepcaps
  4 iguanas
  2 orc wizards (D:7)
  A hell rat (Sewer)
  A statue (D:4)
  4 adders
  8 gnolls
  A river rat (Sewer)
  2 white imps
  2 ufetubi (D:7)
  3 worms
  2 dart slugs
  20 orcs
  5 ball pythons
  6 endoplasms
  3 giant cockroaches
  7 goblins
  4 hobgoblins
  8 jackals (D:2)
  3 kobolds
  2 quokkas
  3 bats
  5 frilled lizards
  12 rats
141 creatures vanquished.

Vanquished Creatures (others)
  A sky beast (D:5)
1 creature vanquished.

Grand Total: 142 creatures vanquished

Table legend: (Time is in decaauts)
 A = Elapsed time spent in this place.
 B = Non-inter-level travel time spent in this place.
 C = Inter-level travel time spent in this place.
 D = Time resting spent in this place.
 E = Time spent auto-exploring this place.
 F = Levels seen in this place.
 G = Mean time per level.
                   A        B        C        D        E       F      G
               +--------+--------+--------+--------+--------+-----+--------+
         Total |   6515 |   6209 |    306 |    176 |   4790 |  10 |  651.5 |
       Dungeon |   6287 |   5981 |    306 |    176 |   4619 |   8 |  785.9 |
        Temple |      4 |      4 |      0 |      0 |      0 |   1 |    4.0 |
         Sewer |    224 |    224 |      0 |      0 |    171 |   1 |  224.0 |
               +--------+--------+--------+--------+--------+-----+--------+

Top non-repeatable levels by time:
     D:4: 1305 daAuts
     D:5: 1172 daAuts
     D:6: 947 daAuts
     D:7: 795 daAuts
     D:2: 761 daAuts
     D:3: 588 daAuts
     D:1: 533 daAuts
   Sewer: 224 daAuts
     D:8: 183 daAuts
  Temple: 4 daAuts

Table legend:
 A = Non-vault XP
 B = Vault XP
 C = Vault XP percentage of total XP
 D = Non-vault monster count
 E = Vault monster count
 F = Vault count percentage of total count
                 A         B        C        D         E       F
            +---------+---------+-------+---------+---------+-------
      Total |    3026 |     686 |  18.5 |     117 |      25 |  17.6
            +---------+---------+-------+---------+---------+-------
        D:1 |      32 |       0 |   0.0 |      19 |       0 |   0.0
        D:2 |      53 |       0 |   0.0 |      19 |       0 |   0.0
        D:3 |      28 |       0 |   0.0 |      13 |       0 |   0.0
        D:4 |     688 |      53 |   7.2 |      20 |       5 |  20.0
        D:5 |     486 |     581 |  54.5 |      13 |      12 |  48.0
        D:6 |     793 |       0 |   0.0 |      11 |       0 |   0.0
        D:7 |     946 |       0 |   0.0 |      22 |       0 |   0.0
      Sewer |       0 |      52 | 100.0 |       0 |       8 | 100.0
            +---------+---------+-------+---------+---------+-------
